 Dungeon Crawl Stone Soup version 0.17.1-3-g152610e (webtiles) character file.

98 Metrazal the Sneak (level 4, 19/22 HPs)
             Began as a Spriggan Assassin on Feb 27, 2016.
             Was an Initiate of the Shining One.
             Quit the game on level 3 of the Dungeon.
             The game lasted 00:13:43 (2273 turns).

Metrazal the Sneak (Spriggan Assassin)              Turns: 2273, Time: 00:13:43

Health: 19/22      AC:  5    Str:  7    XL:     4   Next: 44%
Magic:  5/5        EV: 19    Int: 12    God:    the Shining One [......]
Gold:   119        SH:  0    Dex: 18    Spells: 0 memorised, 3 levels left

rFire  . . .     SeeInvis +     a - +2 dagger
rCold  . . .     Clarity  .     c - +0 robe
rNeg   . . .     SustAt   .     (shield restricted)
rPois  +         Gourm    .     u - +2 hat
rElec  .         Spirit   .     d - +0 cloak
rCorr  .         Warding  .     (gloves unavailable)
rMut   .         Stasis   .     (boots unavailable)
MR     .....                    w - amulet of faith
Stlth  ++++......               (no ring)
                                y - ring of poison resistance

@: very quick, not resistant to hostile enchantments, stealthy
A: unfitting armour, see invisible, herbivore 3, speed 3, slow metabolism 2
a: Renounce Religion


You were on level 3 of the Dungeon.
You worshipped the Shining One.
The Shining One was noncommittal.
You were not hungry.

You visited 1 branch of the dungeon, and saw 3 of its levels.

You collected 119 gold pieces.

Inventory:

Hand Weapons
 a - a +2 dagger (weapon)
 b - a +0 blowgun
Missiles
 e - 12 poisoned needles
 f - 2 curare-tipped needles
 i - 38 stones (quivered)
 l - 13 arrows of dispersal
Armour
 c - a +0 robe (worn)
 d - a +0 cloak (worn)
 u - a +2 hat (worn)
Jewellery
 w - an amulet of faith (around neck)
 y - a ring of poison resistance (left hand)
Scrolls
 j - a scroll of fear {unknown}
 m - a scroll of random uselessness {unknown}
 n - a scroll of identify {unknown}
 o - 3 scrolls of remove curse {unknown}
 p - a scroll of teleportation {unknown}
 s - 2 scrolls of enchant armour {unknown}
 t - a scroll of blinking {unknown}
 v - a scroll of immolation {unknown}
Potions
 h - 2 potions of resistance {unknown}
 k - a potion of lignification {unknown}
 q - 2 potions of curing {unknown}
 r - a potion of heal wounds {unknown}
 x - a potion of degeneration {unknown}
 z - a potion of flight {unknown}
Books
 A - a book of the Warp

   Spells                             Type                      Level
   a - Recall                         Summoning/Translocation      3
   b - Gell's Gravitas                Hexes/Translocation          3
   c - Force Lance                    Conjuration/Translocation    4
   d - Phase Shift                    Translocation                5
   e - Warp Weapon                    Charms/Translocation         5
   f - Summon Forest                  Summoning/Translocation      5
Comestibles
 g - 4 bread rations


   Skills:
 - Level 1.5 Fighting
 + Level 3.5 Short Blades
 - Level 2.0 Throwing
 + Level 3.9 Dodging
 + Level 6.9 Stealth


You had 3 spell levels left.
You didn't know any spells.

Dungeon Overview and Level Annotations

Branches:
Dungeon (3/15)

Altars:
Vehumet
The Shining One


Innate Abilities, Weirdness & Mutations

You are tiny and cannot use many weapons and most armour.
You have supernaturally acute eyesight.
You are a herbivore.
You cover ground extremely quickly.
You need consume almost no food.


Message History

The kobold is severely wounded.
The kobold closely misses you.
You closely miss the kobold.
The kobold is moderately wounded.
The kobold hits you.
You closely miss the kobold.
The kobold is moderately wounded.
The kobold completely misses you.
You hit the kobold but do no damage.
The kobold is moderately wounded.
The kobold closely misses you.
You hit the kobold.
You kill the kobold!
You see here a kobold corpse.
An ooze comes into view.
You see here a metal-bound book.
A - a book of the Warp Quiver which item? (- for none, * to show all) (? for menu, Esc to quit)
Okay, then.
Are you sure you want to abandon this character and quit the game? (Confirm with "yes".)

......###........ .....
................# ...#
.........#......##.#.#
.....###.#####.......#
...................#
...#.###>........#.#####
.....# #.....†..........
.....# #.........#.###..
......##.!......@.......
.......#...?.....###...J
.......#........... ....
...........### ..#
.#....(...... .#
..####..##..## .... .S##
... .#


You could see an ooze (sleeping) and an adder (sleeping).

Vanquished Creatures
  A hound (D:3)
  2 adders (D:2)
  An ooze (D:3)
  A worm (D:2)
  A giant gecko (D:1)
  A hobgoblin (D:2)
  10 jackals
  6 kobolds
  A quokka (D:3)
  8 bats
  A giant cockroach (D:2)
  2 giant newts (D:1)
  6 goblins
  13 rats
54 creatures vanquished.

Notes
Turn   | Place    | Note
--------------------------------------------------------------
     0 | D:1      | Metrazal the Spriggan Assassin began the quest for the Orb.
     0 | D:1      | Reached XP level 1. HP: 10/10 MP: 2/2
   126 | D:1      | Reached skill level 6 in Stealth
   205 | D:1      | Reached XP level 2. HP: 14/14 MP: 3/3
  1008 | D:2      | Reached XP level 3. HP: 3/18 MP: 4/4
  1604 | D:2      | Found a radiant altar of Vehumet.
  1604 | D:2      | Found a glowing golden altar of the Shining One.
  1616 | D:2      | Became a worshipper of the Shining One
  1717 | D:2      | Reached XP level 4. HP: 11/22 MP: 5/5
  2273 | D:3      | Quit the game

Action                   |  1- 3 |  4- 6 || total
-------------------------+-------+-------++-------
Melee: Dagger            |    95 |    65 ||   160
 Fire: Blowgun           |     3 |       ||     3
Throw: Stone             |     7 |       ||     7
 Stab: Sleeping          |    16 |       ||    16
       Distracted        |     2 |       ||     2
